Zazza, neutral female gnomish Wizard ----- ----------- |.<..#### |..{......-# |...| # |.........|# |...| ##-.........|# |...| |.........|# ----- |.........|# ------.----# ### ## ## # ### # ----.-# # |....- # # |....| ############ |....| #---------.------ |.....####+......@.%.....| ------ #|.....fi.......| #..^............| ---------------- Zazza the Thaumaturge Experience level: 7 Strength: 12 Dexterity: 11 Constitution: 16 Intelligence: 18 Wisdom: 11 Charisma: 13 Health: 0(51) Energy: 16(61) Def: 0 Gold: 591 Moves: 5894 Dungeon seed: Pv6MYkR6kN9kEwxC Game ID: Zazza_1533236338 Your Inventory: Coins $ - 591 gold pieces Weapons a - a blessed +1 quarterstaff d - a +0 elven dagger (weapon in hand) x - a +0 orcish dagger T - a +1 orcish dagger (in quiver) Armor e - an uncursed +0 cloak of magic resistance Comestibles m - an uncursed tripe ration o - 3 uncursed food rations p - an uncursed pancake s - an uncursed cream pie u - an uncursed eucalyptus leaf v - an uncursed slime mold w - an uncursed apple K - an uncursed egg Scrolls g - an uncursed scroll of fire A - 2 uncursed scrolls of earth F - 2 uncursed scrolls of genocide H - an uncursed scroll of light Q - a cursed scroll of teleportation S - 2 uncursed scrolls of identify Potions f - an uncursed potion of full healing j - an uncursed potion of sleeping l - an uncursed potion of healing G - a cursed potion of object detection U - an uncursed potion of hallucination X - a cursed potion of invisibility Rings c - an uncursed ring of protection from shape changers (on left hand) B - an uncursed ring of free action J - a cursed ring of polymorph control (on right hand) W - an uncursed ring of fire resistance Wands b - a wand of death (0:4) t - a wand of secret door detection (0:12) E - a wand of probing (0:4) Tools k - an uncursed skeleton key n - a magic marker (0:73) q - a blessed brass lantern (0:1173) I - an uncursed mirror P - an uncursed figurine of a red mold Gems y - an uncursed worthless piece of white glass z - an uncursed worthless piece of red glass R - 2 uncursed worthless pieces of green glass Y - an uncursed opal Spells and supernatural/magical abilities: Name Level Category Fail Memory a - force bolt 1 attack 0% 71% z - sleep 1 enchantment 0% 71% W - pray for help -- divine ? -- Your skills at the end: Fighting Skills Weapon Skills dagger [Skilled] quarterstaff [Basic] Spellcasting Skills attack spells [Basic] enchantment spells [Basic] Final Attributes: You were piously aligned. You were telepathic. You had infravision. You could teleport. You were protected from shape changers. You had polymorph control. You were fast. You are dead. Vanquished creatures: a giant mimic a leprechaun an owlbear a snake a human zombie a soldier ant a bugbear an imp a water nymph a rock piercer a fog cloud a yellow light an elf zombie 2 baby crocodiles 3 giant ants 5 floating eyes 2 hill orcs 2 giant bats a dwarf zombie 2 werejackals an iguana 9 killer bees 3 acid blobs 4 coyotes a gas spore 2 hobbits a large kobold a hobgoblin 8 giant rats 4 cave spiders 4 yellow molds a green mold 2 red molds 2 gnomes a garter snake a gnome zombie 7 geckos 10 jackals 3 kobolds 2 goblins 6 sewer rats 6 grid bugs 9 lichens 5 kobold zombies 7 newts 130 creatures vanquished. Voluntary challenges: You used a wielded weapon 204 times, starting on turn 209. You read items or engraved 1 time, starting on turn 2499. You never genocided any monsters. You never polymorphed an object. You never changed form. You used no wishes. You never split a pudding. You never wrote Elbereth's name. You violated your moral code, losing 10 points of alignment, starting on turn 2166. Dungeon overview: The Dungeons of Doom: levels 1 to 9 Level 1 a long staircase Level 2 a general store, a fountain, a sink Level 3 some fountains, a sink stairs to The Gnomish Mines Level 4 a general store Level 5 Level 6 many fountains Level 7 a fountain stairs to Sokoban Level 8 a jewelry store Level 9 <- You were here a fountain The Gnomish Mines: Level 4 stairs to The Dungeons of Doom Sokoban: levels 5 to 6 Level 5 Level 6 stairs to The Dungeons of Doom History has recorded: On T:1 you entered the Dungeons of Doom to retrieve the Amulet of Yendor! On T:424 you advanced to experience level 2. On T:714 you reached level 2 of The Dungeons of Doom. On T:1145 you advanced to experience level 3. On T:1553 you reached level 3 of The Dungeons of Doom. On T:2180 you advanced to experience level 4. On T:2536 you reached level 1 of The Gnomish Mines. On T:3265 you advanced to experience level 5. On T:3336 you reached level 4 of The Dungeons of Doom. On T:3695 you reached level 5 of The Dungeons of Doom. On T:3859 you reached level 6 of The Dungeons of Doom. On T:4591 you reached level 7 of The Dungeons of Doom. On T:5031 you reached level 4 of Sokoban. On T:5125 you advanced to experience level 6. On T:5404 you reached level 3 of Sokoban. On T:5548 you advanced to experience level 7. On T:5606 you reached level 8 of The Dungeons of Doom. On T:5787 you reached level 9 of The Dungeons of Doom. Score breakdown: Gold: 591 ( 9430 points) Experience: 7 levels (13645 points) Exploration: 9 levels ( 17.65%) (12000 points) Discoveries: 3 items ( 1.05%) ( 3067 points) Valuables value: (no points given unless you survive) Artifact value: 0 ( 0 points) Variety of kills: 45 monsters ( 11.81%) (10310 points) Turncount: 5894 turns (-1597 points) Survival: died (score multiplied by 80%) Total score: 37484 Latest messages: Armand misses the quasit. Armand bites the quasit. Armand misses the quasit. The sleep ray hits it. The sleep ray bounces! The sleep ray hits it. You hit it. (9x) You kill the owlbear! You see here an owlbear corpse. This owlbear corpse tastes terrible! You stop eating. You hit it. (2x) The quasit hits! The quasit's sting was poisoned! The quasit hits! The quasit bites! The spell hits it. The quasit hits! (2x) The quasit bites! You die... Final status: Goodbye Zazza the Wizard, killed by a quasit... You died in The Dungeons of Doom on dungeon level 9 with 37484 points, and 591 pieces of gold, after 5894 moves. You were level 7 with a maximum of 51 hit points when you died.